 Dungeon Crawl Stone Soup version 0.26-a0-1184-g95e395e029 (webtiles) character file.

Game seed: 1048728097212237645

829 sahdkjhfkaj the Skirmisher (level 7, 0/58 HPs)
             Began as a Mummy Monk on Dec 27, 2020.
             Slain by an ogre
             ... wielding a +0 giant club
              (18 damage)
             ... on level 6 of the Dungeon.
             The game lasted 00:12:00 (6964 turns).

sahdkjhfkaj the Skirmisher (Mummy Monk)             Turns: 6964, Time: 00:12:01

Health: 0/58       AC: 10    Str: 16    XL:     7   Next: 65%
Magic:  7/7        EV:  5    Int:  9    God:
Gold:   262        SH: 10    Dex: 15    Spells: 6/6 levels left

rFire    x . .     SeeInvis .   a - +0 dagger (venom)
rCold    + + .     Faith    .   p - +0 kite shield
rNeg     + + +     Spirit   .   g - +0 chain mail {rC+}
rPois    ∞         Reflect  .   (no helmet)
rElec    .         Harm     .   (no cloak)
rCorr    .         Rampage  .   (no gloves)
Will     .....                  d - +1 pair of boots
Stlth    ..........             j - amulet of magic regeneration
HPRegen  0.19/turn              (no ring)
MPRegen  0.35/turn              (no ring)

@: no status effects
A: no potions, fire vulnerability, cold resistance 1, negative energy resistance
3, torment resistance, unbreathing
a: no special abilities


You were on level 6 of the Dungeon.
You visited 1 branch of the dungeon, and saw 6 of its levels.

You collected 262 gold pieces.

Inventory:

Hand Weapons
 a - a +0 dagger of venom (weapon)
 b - a +0 hunting sling
Missiles
 c - 151 stones (quivered)
 o - 77 sling bullets
Armour
 d - a +1 pair of boots (worn)
 g - a +0 chain mail of cold resistance (worn)
 p - a +0 kite shield (worn)
Jewellery
 j - an amulet of magic regeneration (around neck)
Scrolls
 e - 3 scrolls of remove curse
 f - 2 scrolls of identify
 h - 3 scrolls of teleportation {!r}
 i - 2 scrolls of enchant armour
 k - 2 scrolls of amnesia
 l - a scroll of immolation
 m - a scroll of noise
 n - a scroll of magic mapping


   Skills:
 - Level 6.0 Fighting
 - Level 2.4 Polearms
 - Level 2.4 Dodging
 - Level 2.3 Stealth
 + Level 5.4 Shields


You had 6 spell levels left.
You didn't know any spells.
Your spell library contained the following spells:

 Spells                   Type           Power        Failure   Level
 Shock                    Conj/Air       0%           100%        1
 Swiftness                Air            0%           100%        2
 Static Discharge         Conj/Air       0%           100%        3
 Airstrike                Air            0%           100%        4
 Lightning Bolt           Conj/Air       0%           100%        5


Dungeon Overview and Level Annotations

Branches:
Dungeon (6/15)
 Temple: D:4-7

Altars:
Ashenzari
Dithmenos
Elyvilon
Fedhas
Trog
Uskayaw
Xom
Zin
The Shining One


Innate Abilities, Weirdness & Mutations

You do not drink.
Your flesh is vulnerable to fire.
You are immune to poison.
Your flesh is cold resistant. (rC+)
You are immune to negative energy. (rN+++)
You are immune to unholy pain and torment.
You can survive without breathing.


Message History

The ogre barely misses you.
You hit the ogre.
The ogre looks as sick as possible!
The ogre is almost dead.
You block the ogre's attack.
You hit the ogre.
The ogre looks as sick as possible!
The ogre is almost dead.
You kill the ogre!
You block the ogre's attack.
Things that are here:
a +0 giant club; a stone; an ogre corpse You hit the ogre.
The ogre is poisoned.
The ogre is lightly wounded.
The ogre hits you with a +0 giant club.
You hit the ogre.
The ogre looks as sick as possible!
The ogre is moderately wounded.
The ogre hits you with a +0 giant club!!
You hit the ogre.
The ogre looks as sick as possible!
The ogre is moderately wounded.
The ogre hits you with a +0 giant club!!
You die...

#.....# #.....# #.....#
#.....# #...†.# #.....#
#.....#
#################.....#
......(@).......>######
......O##...######
....(.. #...# ..?....
#...# ....... #...#
###.### #...# #. #...#
# #####


You could see an ogre (extremely poisoned).

Vanquished Creatures
  An ice beast (D:5)
  3 ogres
  A centaur skeleton (D:4)
  3 orc priests
  5 orc wizards
  3 worker ants
  4 adders
  4 oozes
  A worm (D:3)
  3 dart slugs
  4 leopard geckos
  14 orcs
  3 ball pythons
  8 bats
  A giant cockroach (D:2)
  9 goblins
  8 hobgoblins
  5 jackals
  9 kobolds
  A quokka (D:4)
  A ball python skeleton (D:5)
  3 frilled lizards
  4 rats
98 creatures vanquished.

Vanquished Creatures (others)
  3 plants (D:2)
3 creatures vanquished.

Grand Total: 101 creatures vanquished

Notes
Turn   | Place    | Note
-------+----------+-------------------------------------------
     0 | D:1      | sahdkjhfkaj the Mummy Monk began the quest for the Orb.
     0 | D:1      | Reached XP level 1. HP: 18/18 MP: 1/1
    92 | D:1      | Reached XP level 2. HP: 8/24 MP: 2/2
   550 | D:1      | Reached XP level 3. HP: 30/30 MP: 3/3
   885 | D:1      | Reached skill level 4 in Fighting
  1294 | D:2      | Reached skill level 1 in Shields
  1601 | D:2      | Reached XP level 4. HP: 37/37 MP: 4/4
  1848 | D:2      | Found a faded altar of an unknown god.
  2268 | D:2      | Found a broken altar of Ashenzari.
  3151 | D:3      | Found a shimmering altar of Xom.
  3154 | D:3      | Reached XP level 5. HP: 42/42 MP: 5/5
  3287 | D:3      | Found a shadowy altar of Dithmenos.
  3288 | D:3      | Found a white marble altar of Elyvilon.
  3289 | D:3      | Found a bloodstained altar of Trog.
  3510 | D:3      | Found a glowing golden altar of the Shining One.
  4170 | D:4      | Found a blossoming altar of Fedhas.
  4206 | D:4      | Noticed an ogre
  4303 | D:4      | Killed an ogre
  4304 | D:4      | Reached XP level 6. HP: 32/49 MP: 6/6
  4996 | D:4      | Reached skill level 5 in Fighting
  5293 | D:5      | Entered Level 5 of the Dungeon
  5293 | D:5      | Found a hide-covered altar of Uskayaw.
  5371 | D:5      | Noticed an ice beast
  5407 | D:5      | Killed an ice beast
  5618 | D:5      | Reached XP level 7. HP: 55/57 MP: 7/7
  5725 | D:5      | Found a glowing silver altar of Zin.
  5761 | D:5      | Reached skill level 6 in Fighting
  6882 | D:6      | Reached skill level 5 in Shields
  6964 | D:6      | Slain by an ogre

Illustrated notes

Levels and vault maps discovered:
D:1:      dpeg_arrival_ternary, layout_loops_corners, minmay_tetromino_i4
D:2:      layout_basic, evilmike_ruin_ashenzari,
          chequers_ecumenical_altar_lobes, fountainhead, minmay_pentomino_pile
D:3:      layout_loops_ring, lemuel_coloured_pillars_altar, minitemple, tgw_xom
D:4:      layout_cave_pods, fedhas_altar_fruit_tree
D:5:      layout_loops_ring, lemuel_doored_altar, kennysheep_mini
D:6:      layout_basic, lemuel_round_altar, uniq_blork_the_orc

Skill      XL: |  1  2  3  4  5  6  7 |
---------------+----------------------+-----
Stealth        | 2 |  2.3
Fighting       | 4 5 6 |  6.0
Shields        | 1 2 4 5 |  5.4
Polearms       | |  2.4
Dodging        | |  2.4

Action                   |  1- 3 |  4- 6 |  7- 9 || total
-------------------------+-------+-------+-------++-------
Melee: Spear             |   126 |   205 |   113 ||   444
       Dagger            |       |       |    28 ||    28
 Fire: Hunting sling     |       |   192 |     6 ||   198
Throw: Stone             |    42 |    17 |       ||    59
  Use: Scroll            |     1 |     8 |       ||     9
 Stab: Sleeping          |     2 |       |       ||     2
Armor: Robe              |    17 |       |       ||    17
       Chain mail        |    34 |   198 |    44 ||   276
Dodge: Dodged            |    51 |    72 |    19 ||   142
Block: Kite shield       |       |   119 |    42 ||   161

Table legend: (Time is in decaauts)
 A = Elapsed time spent in this place.
 B = Non-inter-level travel time spent in this place.
 C = Inter-level travel time spent in this place.
 D = Time resting spent in this place.
 E = Time spent auto-exploring this place.
 F = Levels seen in this place.
 G = Mean time per level.
                   A        B        C        D        E       F      G
               +--------+--------+--------+--------+--------+-----+--------+
         Total |   7098 |   6645 |    453 |    407 |   4850 |   6 | 1183.0 |
       Dungeon |   7098 |   6645 |    453 |    407 |   4850 |   6 | 1183.0 |
               +--------+--------+--------+--------+--------+-----+--------+

Top non-repeatable levels by time:
     D:4: 2077 daAuts
     D:1: 1468 daAuts
     D:2: 1256 daAuts
     D:5: 1099 daAuts
     D:3: 1071 daAuts
     D:6: 124 daAuts
